 Dungeon Crawl Stone Soup version 0.29.1-13-g9f3cf754e1 (webtiles) character file.

Game seed: 6557544645264452794

33 Rikuski the Trooper (level 3, -3/34 HPs)
             Began as a Minotaur Berserker on Jan 29, 2023.
             Was a Believer of Trog.
             Slain by a gnoll
             ... wielding a +0 whip
              (7 damage)
             ... on level 2 of the Dungeon.
             The game lasted 00:05:27 (957 turns).

Rikuski the Trooper (Minotaur Berserker)             Turns: 957, Time: 00:05:30

Health: -3/34      AC:  4    Str: 23    XL:     3   Next: 12%
Magic:  2/2        EV: 12    Int:  4    God:    Trog [**....]
Gold:   105        SH:  0    Dex:  9    Spells: 2/2 levels left

rFire   . . .      SeeInvis .   a - +0 hand axe
rCold   . . .      Faith    .   (no shield)
rNeg    . . .      Spirit   .   b - +0 animal skin
rPois   .          Reflect  .   (helmet restricted)
rElec   .          Harm     .   (no cloak)
rCorr   .          Rampage  .   (no gloves)
Will    .....                   h - +1 pair of boots
Stlth   +.........              (no amulet)
HPRegen 0.11/turn               (no ring)
MPRegen 0.08/turn               (no ring)

@: no status effects
A: horns 2, retaliatory headbutt
a: Renounce Religion, Berserk, Trog's Hand


You were on level 2 of the Dungeon.
You worshipped Trog.
Trog was pleased with you.
You visited 1 branch of the dungeon, and saw 2 of its levels.

You collected 105 gold pieces.

Inventory:

Hand Weapons
 a - a +0 hand axe (weapon)
 i - a +3 dagger
Armour
 b - a +0 animal skin (worn)
 h - a +1 pair of boots (worn)
Scrolls
 e - 2 scrolls of brand weapon {unknown}
Potions
 c - a potion of lignification {unknown}
 d - a potion of magic {unknown}
 f - a potion of might {unknown}
 g - a potion of cancellation {unknown}


   Skills:
 + Level 4.4 Fighting
 + Level 4.3 Axes
 + Level 2.6 Armour
 + Level 2.3 Dodging


You had 2 spell levels left.
You didn't know any spells.
Your spell library was empty.

Dungeon Overview and Level Annotations

Branches:
Dungeon (2/15)

Altars:


Innate Abilities, Weirdness & Mutations

You have a pair of horns on your head.
You reflexively headbutt those who attack you in melee.


Message History

There is a stone staircase leading up here.
You hit the gnoll. You headbutt the gnoll!
The gnoll is severely wounded.
The gnoll hits you with a +0 halberd!
You hit the gnoll. Your headbutt misses the gnoll.
The gnoll is almost dead.
You closely miss the gnoll. The bat completely misses you.
The gnoll barely misses you.
The gnoll hits you from afar with a +0 spear.
The gnoll closely misses you. You furiously retaliate!
You headbutt the gnoll!
You kill the gnoll!
Trog accepts your kill.
You can now call upon Trog for regeneration and willpower.
You have reached level 3!
Your experience leads to an increase in your attributes!
Increase (S)trength, (I)ntelligence, or (D)exterity?
You feel stronger. x2
You barely miss the gnoll. You closely miss the bat. The bat misses you.
The bat hits you but does no damage. The gnoll misses you.
The gnoll hits you with a +0 whip.
You hit the gnoll but do no damage.
You headbutt the gnoll, but do no damage.
You hit the bat but do no damage. The bat hits you but does no damage.
The gnoll barely misses you. x2
You hit the gnoll. You headbutt the gnoll.
The gnoll is heavily wounded.
You miss the bat. The bat closely misses you. You furiously retaliate!
You headbutt the bat.
You kill the bat!
Trog accepts your kill. The gnoll hits you with a +0 whip.
The gnoll hits you from afar with a +0 spear!
* * * LOW HITPOINT WARNING * * *
You hit the gnoll.
The gnoll is severely wounded.
The gnoll barely misses you.
The gnoll hits you from afar with a +0 spear.
* * * LOW HITPOINT WARNING * * *
The gnoll hits you with a +0 whip!
You die...

#....# #....#
#....# #....#
..#####....#
.........#
#.†g...#
#..@...#
#...).....#
........g..#.#
#....####.##
##..> .# ##.
.# $ # #.


You could see 2 gnolls.

Vanquished Creatures
  A gnoll (D:2)
  A bat (D:2)
  3 endoplasms (D:1)
  3 goblins (D:1)
  5 hobgoblins (D:1)
  A kobold (D:1)
  2 quokkas (D:1)
  2 ball pythons (D:1)
  2 frilled lizards (D:1)
  A rat (D:1)
21 creatures vanquished.

Notes
Turn   | Place    | Note
-------+----------+-------------------------------------------
     0 | D:1      | Rikuski the Minotaur Berserker began the quest for the Orb.
     0 | D:1      | Reached XP level 1. HP: 19/19 MP: 0/0
   487 | D:1      | Reached XP level 2. HP: 27/27 MP: 1/1
   952 | D:2      | Reached ** piety under Trog
   953 | D:2      | Reached XP level 3. HP: 22/34 MP: 2/2
   957 | D:2      | Slain by a gnoll

Illustrated notes

Levels and vault maps discovered:
D:1:      scummos_arrival_hexagon, layout_rooms, nicolae_kite_square_tiling_tiny
D:2:      layout_rooms, ebering_ecumenical_altar_hall, uniq_terence,
          uniq_natasha, uniq_robin, uniq_crazy_yiuf_cottage

Skill      XL: |  1  2 |
---------------+-------+-----
Fighting       | 4 |  4.4
Axes           | 4 |  4.3
Armour         | |  2.6
Dodging        | |  2.3

Action                   || total
-------------------------++-------
Melee: Hand axe          ||    48
       Headbutt          ||     6
       Punch             ||     2
Armor: Animal skin       ||     6
Dodge: Dodged            ||    34
